 Dungeon Crawl Stone Soup version 0.29-a0-919-gd064cfad1c (webtiles) character file.

Game seed: 4656269849295172294

64 xian the Conjurer (level 3, -8/16 HPs)
             Began as a Spriggan Conjurer on July 26, 2022.
             Mangled by an iron imp (11 damage)
             ... summoned by Natasha
             ... on level 2 of the Dungeon.
             The game lasted 00:04:21 (2448 turns).

xian the Conjurer (Spriggan Conjurer)               Turns: 2448, Time: 00:04:23

Health: -8/16      AC:  2    Str:  5    XL:     3   Next: 91%
Magic:  1/8        EV: 17    Int: 19    God:
Gold:   52         SH:  0    Dex: 13    Spells: 5/8 levels left

rFire   . . .      SeeInvis +   f - +3 short sword (vamp)
rCold   + . .      Faith    .   (no shield)
rNeg    . . .      Spirit   .   a - +0 robe
rPois   .          Reflect  .   (helmet restricted)
rElec   .          Harm     .   (no cloak)
rCorr   .          Rampage  .   (gloves unavailable)
Will    .....                   (boots unavailable)
Stlth   ++........              (no amulet)
HPRegen 0.05/turn               e - ring of protection from cold
MPRegen 0.11/turn               (no ring)

@: slowed, quick
A: very small, no large weapons, unfitting armour, see invisible, speed 3
a: no special abilities


You were on level 2 of the Dungeon.
You visited 1 branch of the dungeon, and saw 2 of its levels.

You collected 52 gold pieces.

Inventory:

Hand Weapons
 f - a +3 vampiric short sword (weapon)
Armour
 a - a +0 robe (worn)
Jewellery
 e - a ring of protection from cold (left hand)
Potions
 b - a potion of magic
 c - 3 potions of curing {unknown}
 d - a potion of mutation {unknown}


   Skills:
 + Level 3.0 Dodging
 + Level 3.2 Stealth
 + Level 3.3 Spellcasting
 + Level 3.8 Conjurations


You had 5 spell levels left.
You knew the following spells:

 Your Spells              Type           Power      Damage    Failure   Level
a - Magic Dart            Conj           68%        1d6       3%          1
b - Searing Ray           Conj           34%        2d5       4%          2

Your spell library contained the following spells:

 Spells                   Type           Power      Damage    Failure   Level
 Dazzling Flash           Conj/Hex       20%        N/A       21%         3
 Fulminant Prism          Conj/Hex       5%         3d7       54%         4
 Iskenderun's Mystic Bla  Conj/Tloc      10%        2d4       54%         4


Dungeon Overview and Level Annotations

Branches:
Dungeon (2/15)

Altars:

Annotations:
D:2 Natasha


Innate Abilities, Weirdness & Mutations

You are very small and have problems with some larger weapons.
You are too small for most types of armour.
You have supernaturally acute eyesight. (SInv)
You cover ground extremely quickly. (Speed+++)


Message History

Natasha casts a spell at you.
You feel yourself slow down. The adder completely misses you.
Natasha casts a spell.
The adder attacks as you move away! The adder bites you.
The adder attacks as you move away! The adder closely misses you.
The crimson imp blinks!
Casting: Searing Ray (safe; 4% risk of failure)
Confirm with . or Enter, or press ? or * to list all spells.
Aiming: Searing Ray (safe; 4% risk of failure)
Press: ? - help, Shift-Dir - straight line, f - Natasha
Aim: Natasha (heavily wounded, 72% to hit)
The searing ray hits the adder.
The adder is moderately wounded.
The searing ray misses Natasha. (Press . to maintain the ray.)
The adder completely misses you. The adder bites you.
Natasha completely misses you.
The crimson imp blinks!
The searing ray hits Natasha.
Natasha is heavily wounded.
The adder bites you.
You are poisoned.
The adder poisons you! The adder misses you. Natasha misses you.
Unknown command.
The searing ray misses Natasha.
You feel sick. The adder closely misses you. Natasha misses you.
The crimson imp blinks!
The adder bites you. The iron imp misses you. Natasha barely misses you.
Unknown command.
Without enough magic to sustain it, your searing ray dissipates.
You feel sick. The adder closely misses you.
Natasha claws you but does no damage. The adder misses you.
The iron imp barely misses you.
Unknown command.
You feel sick.
You are no longer poisoned.
The adder barely misses you. Natasha claws you.
* * * LOW HITPOINT WARNING * * *
The iron imp hits you!
Ouch! That really hurt!
You die...

.###.#..#.###.# *,**,,*,,*
...###.#..#.#'# #.#*,,*,,*
##...###......# #.#*>,*,.*
.##).##.#..#.## #######.#*,,*..*
....##.#..#.### #....##.#*,,...*
#..##.#..#.##.####....##.#**....,
..##.#..#.##..#..#....##)##.....,
)##.#..#.##..##..#..)......(....,
##.#..#.##....#.@5..............,
#.#..#.##..##.#hS#.......##.....,
[#..#.##....###..#.......##.....,
#[.#.##.†##...#....h..........*.*
....###...###.######)#...##...,,,
.#..#.###...### #.#...#*,...,,
##.#..#.###...# #.#...#*,,..,,
.###.#..#.###.# #.#...#*,,,.,,
...###.#..#.#'# #.###.#*,,,,,,


You could see an iron imp (summoned), Natasha and an adder.

Vanquished Creatures
  2 adders (D:2)
  2 worms (D:2)
  A dart slug (D:1)
  5 bats
  2 endoplasms (D:1)
  3 giant cockroaches
  3 goblins
  A hobgoblin (D:2)
  2 jackals (D:2)
  2 quokkas
  A ball python (D:2)
  2 frilled lizards (D:1)
  9 kobolds
  2 rats
37 creatures vanquished.

Notes
Turn   | Place    | Note
-------+----------+-------------------------------------------
     0 | D:1      | xian the Spriggan Conjurer began the quest for the Orb.
     0 | D:1      | Reached XP level 1. HP: 9/9 MP: 5/5
   787 | D:1      | Reached XP level 2. HP: 12/13 MP: 2/6
   791 | D:1      | Learned a level 2 spell: Searing Ray
  1616 | D:2      | Reached XP level 3. HP: 16/16 MP: 3/8
  1968 | D:2      | Found a faded altar of an unknown god.
  2429 | D:2      | Noticed Natasha
  2448 | D:2      | Mangled by an iron imp

Illustrated notes

Levels and vault maps discovered:
D:1:      nzn_arrival_depleted_hourglass, layout_basic, serial_bayou_ford_a,
          minmay_misc_feat_five, minmay_misc_feat_cross,
          chequers_serial_rivers_small_3
D:2:      minmay_razor_zed, layout_rooms, ebering_ecumenical_altar_abandoned,
          minmay_pentomino_t4, uniq_natasha

Skill      XL: |  1  2  3 |
---------------+----------+-----
Conjurations   | 3 |  3.8
Spellcasting   | 3 |  3.3
Dodging        | 3 |  3.0
Stealth        | |  3.2

Action                   || total
-------------------------++-------
Melee: Unarmed           ||     2
       Short sword       ||     6
 Cast: Magic Dart        ||    65
       Searing Ray       ||     8
  Use: Scroll            ||     6
Armor: Robe              ||     4
Dodge: Dodged            ||    28

Table legend: (Time is in decaauts)
 A = Elapsed time spent in this place.
 B = Non-inter-level travel time spent in this place.
 C = Inter-level travel time spent in this place.
 D = Time resting spent in this place.
 E = Time spent auto-exploring this place.
 F = Levels seen in this place.
 G = Mean time per level.
                   A        B        C        D        E       F      G
               +--------+--------+--------+--------+--------+-----+--------+
         Total |   1990 |   1981 |      9 |    360 |   1406 |   2 |  995.0 |
       Dungeon |   1990 |   1981 |      9 |    360 |   1406 |   2 |  995.0 |
               +--------+--------+--------+--------+--------+-----+--------+

Top non-repeatable levels by time:
     D:1: 1189 daAuts
     D:2: 801 daAuts
